 Dungeon Crawl Stone Soup version 0.30.0-5-g1a98f26d00 (webtiles) character file.

Game seed: 1922587017657823165

282 SnakkuSnakku7 the Insei (level 6, -3/36 HPs)
             Began as a Deep Elf Transmuter on May 10, 2023.
             Slain by a gnoll
             ... wielding a +0 flail
             ... led by a gnoll bouda
              (9 damage)
             ... on level 3 of the Dungeon.
             The game lasted 00:05:08 (2806 turns).

SnakkuSnakku7 the Insei (Deep Elf Transmuter)       Turns: 2806, Time: 00:05:08

Health: -3/36      AC:  5    Str:  7    XL:     6   Next: 6%
Magic:  12/12      EV: 12    Int: 20    God:
Gold:   296        SH:  5    Dex: 15    Spells: 3/11 levels left

rFire   x .          .
                       - Unarmed
rCold   + . .        (no shield)
rNeg    . . .        a - +0 robe
rPois   .            t - +0 helmet
rElec   .            (no cloak)
rCorr   .            g - +1 pair of gloves
SInv    .            (no boots)
Will    .....        m - amulet of reflection
Stlth   +            c - ring of ice
HPRegen 0.26/turn    (no ring)
MPRegen 0.13/turn

%: reflection
@: no status effects
A: no striking features
a: no special abilities


You were on level 3 of the Dungeon.
You visited 1 branch of the dungeon, and saw 4 of its levels.
You also visited: Sewer.

You collected 296 gold pieces.

Inventory:

Armour
 a - a +0 robe (worn)
 g - a +1 pair of gloves (worn)
 t - a +0 helmet (worn)
Jewellery
 c - a ring of ice (left hand)
 m - an amulet of reflection (around neck)
 q - a +6 ring of strength
Wands
 l - a wand of mindburst (19)
Scrolls
 d - 3 scrolls of fear {unknown}
 e - a scroll of vulnerability {unknown}
 f - 2 scrolls of blinking
 i - a scroll of acquirement {unknown}
 j - a scroll of amnesia
 k - a scroll of enchant armour
 s - 2 scrolls of teleportation
 u - a scroll of enchant weapon {unknown}
Potions
 b - 2 potions of lignification
 h - a potion of haste
 n - a potion of flight
 o - 2 potions of heal wounds
 r - a potion of brilliance {unknown}
Miscellaneous
 p - a phantom mirror


   Skills:
 + Level 2.3 Fighting
 - Level 2.4 Dodging
 - Level 4.0 Unarmed Combat
 - Level 3.0 Spellcasting
 - Level 3.7 Transmutations
 + Level 1.2 Ice Magic
 - Level 2.0 Poison Magic


You had 3 spell levels left.
You knew the following spells:

 Your Spells              Type           Power      Damage    Failure   Level
a - Beastly Appendage     Tmut           34%        N/A       3%          1
b - Spider Form           Tmut/Pois      14%        N/A       13%         3
c - Ice Form              Ice/Tmut       19%        N/A       45%         4

Your spell library contained the following spells:

 Spells                   Type           Power      Damage    Failure   Level
 Wereblood                Tmut           17%        N/A       4%          2
 Necrotise                Necr           12%        1d4       14%         1
 Vampiric Draining        Necr           3%         2d6       38%         3
 Agony                    Necr           3%         N/A       98%         5


Dungeon Overview and Level Annotations

Branches:
Dungeon (4/15)              Sewer (visited)
 Temple: D:4-7

Altars:


Message History

You barely miss the adder. Your kick misses the adder. You headbutt the adder.
You kill the adder!
The gnoll throws a throwing net.
The throwing net completely misses you.
The gnoll bouda barks out a call to the hunt!
The gnolls pick up the pace!
Unknown command.
Your attacks no longer feel as feeble.
Your transformation is almost over.
A gnoll comes into view. It is wielding a +0 spear.
The gnoll bouda gazes fiercely through you!
You feel your attacks grow feeble.
The gnoll shouts!
There is a stone staircase leading up here.
Your attacks no longer feel as feeble.
The gnoll is no longer moving quickly.
The gnoll hits you with a +0 flail.
You climb upwards.
Your horns disappear.
Your talons disappear.
Your +0 helmet unmelds from your body.
There is a stone staircase leading down here.
Casting: Beastly Appendage (safe; 3% risk of failure)
Confirm with . or Enter, or press ? or * to list all spells.
The spell is quite dangerous to miscast (13% risk of failure)!
Continue anyway?
Okay, then.
You hit the gnoll.
The gnoll is moderately wounded.
The gnoll hits you with a +0 flail!
You hit the gnoll but do no damage.
The gnoll is moderately wounded.
The gnoll hits you with a +0 flail!
You closely miss the gnoll.
The gnoll is moderately wounded.
The gnoll closely misses you.
You completely miss the gnoll.
The gnoll is moderately wounded.
The gnoll hits you with a +0 flail!
* * * LOW HITPOINT WARNING * * *
You hit the gnoll.
The gnoll is moderately wounded.
The gnoll is no longer moving quickly.
The gnoll hits you with a +0 flail!
You die...

#####.......[..........######.#
# ##...#.........###......#.#
## ###...........###.####...##
8# ####>...................# ##
#.....<...###.####.#..## #
#.........###.# #.##... ##
#.........##..# #.##.#. 8#
#.......g.##.## #.##.#.
###########.....@.<##.# #.#..#.
##8##8##8##........##.# #.#.#..
..........'......#..#.#
##.#....
##8##8##8#######..#.#.#
##....... ############ ##.#.#.#
#...#..## 8# #......##
#.#>#.###.#....# ## ####....###
#.....#.......## ##
##~#...####.#[.#.#...#.## 8#
#~###....#.............##


You could see a gnoll.

Vanquished Creatures
  2 bullfrogs (Sewer)
  8 adders
  2 dart slugs
  3 orcs (D:3)
  6 endoplasms
  6 giant cockroaches
  3 goblins
  2 hobgoblins (D:1)
  8 jackals
  6 quokkas
  8 ball pythons
  4 bats
  13 frilled lizards
  3 kobolds
  A rat (D:1)
75 creatures vanquished.

Notes
Turn   | Place    | Note
-------+----------+-------------------------------------------
     0 | D:1      | SnakkuSnakku7 the Deep Elf Transmuter began the quest for
                  | the Orb.
     0 | D:1      | Reached XP level 1. HP: 11/11 MP: 6/6
   344 | D:1      | Reached XP level 2. HP: 16/16 MP: 6/8
   724 | D:2      | Reached skill level 3 in Unarmed Combat
   724 | D:2      | Reached XP level 3. HP: 17/20 MP: 7/9
   728 | D:2      | Learned a level 3 spell: Spider Form
  1324 | D:3      | Found a glowing drain.
  1333 | D:3      | Reached XP level 4. HP: 13/24 MP: 10/10
  1395 | Sewer    | Entered a sewer
  1660 | Sewer    | Reached skill level 1 in Poison Magic
  1801 | Sewer    | Noticed a bullfrog
  1802 | Sewer    | Noticed a bullfrog
  1819 | Sewer    | Killed a bullfrog
  1820 | Sewer    | Reached XP level 5. HP: 6/28 MP: 8/11
  1823 | Sewer    | Reached skill level 4 in Unarmed Combat
  1972 | Sewer    | Learned a level 4 spell: Ice Form
  2590 | D:3      | Reached skill level 1 in Ice Magic
  2590 | D:3      | Reached XP level 6. HP: 32/35 MP: 12/12
  2806 | D:3      | Slain by a gnoll

Illustrated notes

Levels and vault maps discovered:
D:1:      amcnicky_arrival_underground_garden, layout_basic
D:2:      layout_basic
D:3:      layout_rooms, portal_sewer_entry_d, dk_noncrumbling_2,
          saegor_snake_ambush
D:4:      layout_layer_cave

Skill      XL: |  1  2  3  4  5 |
---------------+----------------+-----
Transmutations | 3 |  3.7
Unarmed Combat | 3 4 |  4.0
Poison Magic   | 2 |  2.0
Fighting       | 2 |  2.3
Ice Magic      | 1 |  1.2
Dodging        | |  2.4
Spellcasting   | |  3.0

Action                     |  1- 3 |  4- 6 || total
---------------------------+-------+-------++-------
  Melee: Unarmed           |   115 |   176 ||   291
         Kick              |    12 |    13 ||    25
         Headbutt          |     8 |     9 ||    17
         Punch             |     2 |     3 ||     5
   Cast: Beastly Appendage |    10 |    10 ||    20
         Spider Form       |       |     2 ||     2
    Use: Scroll            |       |     8 ||     8
   Stab: Sleeping          |       |     1 ||     1
 Armour: Robe              |    35 |    43 ||    78
         Skin              |       |     2 ||     2
  Dodge: Dodged            |    77 |   141 ||   218
  Block: Other             |       |    19 ||    19
